 Dungeon Crawl Stone Soup version 0.18-b1-22-ge198996 (webtiles) character file.

81 ricardofg the Gusty (level 4, -5/33 HPs)
             Began as a Draconian Air Elementalist on May 3, 2016.
             Slain by Sigmund
             ... wielding a +0 scythe
              (12 damage)
             ... on level 2 of the Dungeon.
             The game lasted 00:08:46 (2011 turns).

ricardofg the Gusty (Draconian Air Elementalist)    Turns: 2011, Time: 00:08:47

Health: -5/33      AC:  5    Str: 10    XL:     4   Next: 19%
Magic:  6/8        EV: 12    Int: 16    God:
Gold:   62         SH:  0    Dex: 12    Spells: 2 memorised, 6 levels left

rFire  . . .     SeeInvis .     e - -3 whip (curse)
rCold  . . .     Gourm    .     (armour unavailable)
rNeg   . . .     Faith    .     (no shield)
rPois  .         Spirit   .     (helmet restricted)
rElec  .         Dismiss  .     (no cloak)
rCorr  .         Reflect  .     (no gloves)
SustAt .         Harm     .     (no boots)
MR     .....                    (no amulet)
Stlth  +.........               (no ring)
                                i - ring of loudness (curse)

@: not resistant to hostile enchantments, very unstealthy
A: unfitting armour, cold-blooded, AC +5
a: no special abilities


You were on level 2 of the Dungeon.
You were very hungry.

You visited 1 branch of the dungeon, and saw 2 of its levels.

You collected 62 gold pieces.

Inventory:

Hand Weapons
 d - a +0 dagger
 e - a cursed -3 whip (weapon)
 o - a +0 spear
Jewellery
 i - a cursed ring of loudness (left hand)
 p - a cursed ring of positive energy {unknown}
Scrolls
 f - a scroll of fear
 g - a scroll of amnesia
 n - 2 scrolls of remove curse {unknown}
Potions
 h - a potion of heal wounds
 j - a potion of degeneration {unknown}
 k - 3 potions of ambrosia {unknown}
 l - a potion of agility {unknown}
Books
 a - a book of Air

   Spells                             Type                      Level
   a - Shock                          Conjuration/Air              1
   b - Swiftness                      Charms/Air                   2
   c - Repel Missiles                 Charms/Air                   2
   d - Static Discharge               Conjuration/Air              3
   e - Lightning Bolt                 Conjuration/Air              5
Comestibles
 b - 3 bread rations
 c - 2 slices of pizza
 m - a beef jerky


   Skills:
 - Level 1.7 Dodging
 - Level 1.7 Stealth
 + Level 3.0 Spellcasting
 + Level 2.3 Conjurations
 + Level 3.7 Air Magic


You had 6 spell levels left.
You knew the following spells:

 Your Spells              Type           Power        Failure   Level  Hunger
a - Shock                 Conj/Air       ##..         8%          1    #......
b - Repel Missiles        Chrm/Air       #.....       14%         2    ##.....


Dungeon Overview and Level Annotations

Branches:
Dungeon (2/15)

Altars:
Yredelemnul
The Shining One

Annotations:
D:2 Sigmund


Innate Abilities, Weirdness & Mutations

Your plain brown scales are hard (AC +5).
Your body does not fit into most forms of armour.
You are cold-blooded and may be slowed by cold attacks.


Message History

Confirm with . or Enter, or press ? or * to list all spells.
Aiming: Shock
Press: ? - help, Shift-Dir - straight line, f - you Really target yourself?
Okay, then.
Casting: Shock
Confirm with . or Enter, or press ? or * to list all spells.
You don't know that spell.
You miss something.
Casting: Shock
Confirm with . or Enter, or press ? or * to list all spells.
Aiming: Shock
Press: ? - help, Shift-Dir - straight line Something hits you but does no damage.
Casting: Shock
Confirm with . or Enter, or press ? or * to list all spells.
Aiming: Shock
Press: ? - help, Shift-Dir - straight line Something hits you!
You die...

#.....##..# ...
#.....##... ...
#.......... #.#
#.....###.. #.#
#.....# #.. # #.#
####### #.# #.#.# #
#...# #.#
#.#{##.####...####)#
#..@†..##.......##.#
###.#####.....(.##..
#.#####.......####
#.......#.........
#########...#####.
##### #. ## #


There were no monsters in sight!

Vanquished Creatures
  Terence (D:2)
  An adder (D:2)
  A worm (D:2)
  3 giant geckos
  2 giant cockroaches (D:1)
  3 goblins
  7 hobgoblins
  3 jackals (D:1)
  A quokka (D:2)
  4 bats (D:1)
  3 giant newts (D:1)
  7 kobolds
  4 rats
40 creatures vanquished.

Notes
Turn   | Place    | Note
--------------------------------------------------------------
     0 | D:1      | ricardofg the Draconian Air Elementalist began the quest for the Orb.
     0 | D:1      | Reached XP level 1. HP: 14/14 MP: 3/3
   214 | D:1      | Reached XP level 2. HP: 20/20 MP: 1/5
  1078 | D:1      | Reached XP level 3. HP: 26/26 MP: 6/6
  1082 | D:1      | Learned a level 2 spell: Repel Missiles
  1358 | D:2      | Found a glowing golden altar of the Shining One.
  1400 | D:2      | Found a basalt altar of Yredelemnul.
  1884 | D:2      | Noticed Terence
  1899 | D:2      | Killed Terence
  1899 | D:2      | Reached XP level 4. HP: 23/33 MP: 0/8
  1991 | D:2      | Noticed Sigmund
  2011 | D:2      | Slain by Sigmund

Skill      XL: |  1  2  3 |
---------------+----------+-----
Conjurations   | 2 |  2.3
Spellcasting   | 3 |  3.0
Dodging        | |  1.7
Stealth        | |  1.7
Air Magic      | |  3.7

Action                   |  1- 3 |  4- 6 || total
-------------------------+-------+-------++-------
Melee: Unarmed           |    36 |       ||    36
       Tailslap          |    14 |     1 ||    15
       Dagger            |    47 |       ||    47
       Whip              |    55 |    16 ||    71
 Cast: Shock             |    40 |     3 ||    43
  Use: Scroll            |     3 |       ||     3
 Stab: Sleeping          |     1 |       ||     1
  Eat: Chunk             |     3 |       ||     3
Armor: Skin              |    52 |     6 ||    58
Dodge: Dodged            |   112 |     7 ||   119
